 Dungeon Crawl Stone Soup version 0.27-a0-1595-g0b823d0a13 (webtiles) character file.

Game seed: 12074780055909761774

7 Anon1729 the Insei (level 2, -1/21 HPs)
             Began as an Octopode Monk on July 20, 2021.
             Slain by a goblin (4 damage)
             ... on level 1 of the Dungeon.
             The game lasted 00:02:09 (150 turns).

Anon1729 the Insei (Octopode Monk)                   Turns: 150, Time: 00:02:09

Health: -1/21      AC:  1    Str: 10    XL:     2   Next: 4%
Magic:  2/2        EV: 14    Int: 12    God:
Gold:   0          SH:  0    Dex: 14    Spells: 1/1 levels left

rFire    . . .     SeeInvis .     - Unarmed
rCold    . . .     Faith    .   (no shield)
rNeg     . . .     Spirit   .   (helmet restricted)
rPois    .         Reflect  .   (no amulet)
rElec    .         Harm     .   (no ring)
rCorr    .         Rampage  .   (no ring)
Will     .....                  (no ring)
Stlth    +++.......             (no ring)
HPRegen  0.07/turn              (no ring)
MPRegen  0.08/turn              (no ring)
                                (no ring)
                                (no ring)

@: no status effects
A: almost no armour, amphibious, 8 rings, camouflage 1, gelatinous body 1,
(nimble swimmer 1), tentacles
a: no special abilities


You were on level 1 of the Dungeon.
You visited 1 branch of the dungeon, and saw 1 of its levels.

You aren't carrying anything.


   Skills:
 - Level 3.0 Fighting
 - Level 3.0 Dodging
 - Level 2.8 Stealth
 + Level 3.4 Unarmed Combat


You had one spell level left.
You didn't know any spells.
Your spell library was empty.

Dungeon Overview and Level Annotations

Branches:
Dungeon (1/15)

Altars:


Innate Abilities, Weirdness & Mutations

You cannot wear most types of armour.
You are amphibious.
You can wear up to eight rings at the same time.
Your skin changes colour to match your surroundings (Stealth+).
Your rubbery body absorbs attacks. (AC +1, EV +1)
((You are camouflaged near water. (Stealth+)))
You have tentacles for arms and can constrict up to eight enemies at once.


Message History

Found 15 gold pieces.
The goblin shouts!
You tentacle-slap the rat but do no damage.
Your grab misses the rat. The rat bites you.
* * * LOW HITPOINT WARNING * * *
The dart slug launches a dart at you. The slug dart misses you.
The endoplasm barely misses you.
Unknown command.
The ball python hisses angrily.
Found 6 poisoned darts.
Found a scroll labelled MAOROL NESAN.
A bat comes into view.
The endoplasm freezes you.
You are frozen.
* * * LOW HITPOINT WARNING * * *
An endoplasm comes into view.
A goblin comes into view. It is wielding a +0 club.
Found 11 gold pieces.
The goblin shouts!
You hear an angry hiss.
Found 10 gold pieces.
A frilled lizard comes into view.
A giant cockroach comes into view.
A bat comes into view.
The bat hits you.
* * * LOW HITPOINT WARNING * * *
The bat closely misses you. The bat hits you but does no damage.
A rat and a kobold come into view.
Found a stone staircase leading down.
Found an amethyst potion.
The bat hits you but does no damage. The bat misses you. The bat hits you.
* * * LOW HITPOINT WARNING * * *
You tentacle-slap the bat.
You kill the bat!
A hobgoblin comes into view.
A frilled lizard comes into view.
Found 2 lumpy sapphire potions.
A frilled lizard comes into view.
The goblin hits you with a +0 dagger.
You die...

.# .# l #.# ..### .!#
#....##..# #....#...#
. #....#.#l### .
#...@#§§. .!
#..g.#§## #### ..##
#rB#g§≈.# #.... ...
#######..##.≈.#
###.≈≈≈
.##.###...........§.#
#.#..§§..
........###...###.≈.#
#.#.≈§≈§###
..##.#####..#..###≈.#
#...§......
B.##.†###..###.#
§...#§§≈≈.≈≈≈≈≈
..###.g...## .#
§≈≈.#§≈...≈...≈


You could see a giant cockroach, 2 goblins, a frilled lizard (asleep) and a rat
(asleep).

Vanquished Creatures
  A dart slug (D:1)
  2 goblins (D:1)
  A quokka (D:1)
  A bat (D:1)
5 creatures vanquished.

Notes
Turn   | Place    | Note
-------+----------+-------------------------------------------
     0 | D:1      | Anon1729 the Octopode Monk began the quest for the Orb.
     0 | D:1      | Reached XP level 1. HP: 16/16 MP: 1/1
    72 | D:1      | Reached XP level 2. HP: 3/21 MP: 2/2
   150 | D:1      | Slain by a goblin

Illustrated notes

Levels and vault maps discovered:
D:1:      psy_arrival_radial02, layout_rooms

Action                   || total
-------------------------++-------
Melee: Unarmed           ||    10
       Constrict         ||     3
       Punch             ||     1
Armor: Skin              ||     2
Dodge: Dodged            ||    11

Table legend: (Time is in decaauts)
 A = Elapsed time spent in this place.
 B = Non-inter-level travel time spent in this place.
 C = Inter-level travel time spent in this place.
 D = Time resting spent in this place.
 E = Time spent auto-exploring this place.
 F = Levels seen in this place.
 G = Mean time per level.
                   A        B        C        D        E       F      G
               +--------+--------+--------+--------+--------+-----+--------+
         Total |    149 |    149 |      0 |      0 |     56 |   1 |  149.0 |
       Dungeon |    149 |    149 |      0 |      0 |     56 |   1 |  149.0 |
               +--------+--------+--------+--------+--------+-----+--------+

Top non-repeatable levels by time:
     D:1: 149 daAuts
